 Dungeon Crawl Stone Soup version 0.25.1-8-g42b30a86e7 (webtiles) character file.

Game seed: 6399026903933175298

475 hawla the Conjurer (level 6, -6/47 HPs)
             Began as a Draconian Conjurer on Dec 16, 2020.
             Mangled by a two-headed ogre
             ... wielding a cursed -3 giant spiked club
              (17 damage)
             ... on level 4 of the Dungeon.
             The game lasted 00:11:37 (4862 turns).

hawla the Conjurer (Draconian Conjurer)             Turns: 4862, Time: 00:11:39

Health: -6/47      AC: 14    Str: 10    XL:     6   Next: 84%
Magic:  0/11       EV: 12    Int: 17    God:
Gold:   246        SH:  0    Dex: 12    Spells: 5/12 levels left

rFire    . . .     SeeInvis .   (no weapon)
rCold    . . .     Gourm    .   (no shield)
rNeg     . . .     Faith    .   (armour unavailable)
rPois    .         Spirit   .   (helmet restricted)
rElec    .         Reflect  .   (no cloak)
rCorr    .         Harm     .   i - +0 pair of gloves
MR       .....                  x - +2 pair of boots
Stlth    ++........             (no amulet)
HPRegen  0.15/turn              a - +4 ring of protection
MPRegen  0.12/turn              (no ring)

@: very slightly contaminated
A: unfitting armour, cold-blooded, AC +6
a: no special abilities


You were on level 4 of the Dungeon.
You were not hungry.

You visited 1 branch of the dungeon, and saw 4 of its levels.

You collected 246 gold pieces.

Inventory:

Missiles
 d - 8 atropa-tipped darts (quivered)
 t - 8 boomerangs
 y - 17 poisoned darts
Armour
 i - a +0 pair of gloves (worn)
 m - a +0 pair of boots
 p - a +0 buckler
 x - a +2 pair of boots (worn)
Jewellery
 a - a +4 ring of protection (left hand)
Scrolls
 j - 2 scrolls of identify
 l - a scroll of magic mapping
 r - a scroll of remove curse
 w - a scroll of amnesia
Potions
 e - 4 potions of lignification
 f - 3 potions of invisibility {unknown}
 g - a potion of ambrosia
 h - 5 potions of curing {unknown}
 k - 2 potions of heal wounds {unknown}
 o - a potion of stabbing {unknown}
 q - 3 potions of haste {unknown}
 s - 2 potions of brilliance {unknown}
 u - a potion of degeneration {unknown}
 v - a potion of berserk rage
Comestibles
 b - 6 rations
 c - 4 chunks of flesh


   Skills:
 - Level 1.0 Fighting
 - Level 1.0 Throwing
 - Level 2.0 Dodging
 - Level 2.0 Stealth
 + Level 2.2 Shields
 + Level 3.7 Spellcasting
 + Level 5.7 Conjurations
 * Level 2.8 Translocations


You had 5 spell levels left.
You knew the following spells:

 Your Spells              Type           Power        Failure   Level  Hunger
a - Magic Dart            Conj           ###.         1%          1    None
b - Searing Ray           Conj           ###...       2%          2    ##.....
c - Iskenderun's Mystic   Conj/Tloc      ###.....     28%         4    ####...

Your spell library contained the following spells:

 Spells                   Type           Power        Failure   Level  Hunger
 Dazzling Flash           Conj/Hex       ##....       16%         3    ###....
 Fulminant Prism          Conj/Hex       ##........   45%         4    ####...


Dungeon Overview and Level Annotations

Branches:
Dungeon (4/15)
 Temple: D:4-7

Altars:

Shops:
D:4 !

Annotations:
D:4 1 runed translucent door, Crazy Yiuf


Innate Abilities, Weirdness & Mutations

Your plain brown scales are hard. (AC +6)
You cannot fit into any form of body armour.
You are cold-blooded and may be slowed by cold attacks.


Message History

The searing ray hits the two-headed ogre.
The two-headed ogre is severely wounded.
As you read the scroll labeled LUSAXI ANUE, it crumbles to dust.
It is a scroll of enchant armour.
Your +1 pair of boots glows green for a moment.
The two-headed ogre closely misses you.
The two-headed ogre hits you but does no damage.
There is a stone staircase leading up here.
Casting: Searing Ray (safe; 2% risk of failure)
Confirm with . or Enter, or press ? or * to list all spells.
Aiming: Searing Ray (safe; 2% risk of failure)
Press: ? - help, Shift-Dir - straight line, f/p - two-headed ogre
Aim: a two-headed ogre, wielding a -3 giant spiked club and a +0 giant club (heavily wounded)
The searing ray hits the two-headed ogre!
The two-headed ogre is heavily wounded. (Press . to maintain the ray.)
The two-headed ogre hits you with a cursed -3 giant spiked club!
* * * LOW HITPOINT WARNING * * *
The two-headed ogre hits you with a +0 giant club!
You die...

#.##...##.#.##.## #.##.#####.).
..##...##.......# ##....#.......
#.##............####....##.......
#.########.........#.............
#................................
#########........#.#.............
## #........#.#.............
.########........#.#.............
...............O@#.#.........####
#.########...................####
#.## #.......................
#..# #.......................
<#.## #####.####............#....
.#..# #.....# #............#....
.##.###.....####............#....
###..##..........................
# ##.##..........................


You could see a two-headed ogre.

Vanquished Creatures
  A sky beast (D:4)
  An ogre (D:4)
  A bullfrog (D:4)
  An orc priest (D:4)
  2 worker ants
  6 adders
  3 oozes
  A worm (D:2)
  5 dart slugs
  3 leopard geckos
  2 orcs (D:4)
  A ball python (D:1)
  9 bats
  2 giant cockroaches
  3 hobgoblins
  14 jackals
  4 quokkas
  3 frilled lizards
  5 goblins
  7 kobolds
  7 rats
81 creatures vanquished.

Notes
Turn   | Place    | Note
-------+----------+-------------------------------------------
     0 | D:1      | hawla the Draconian Conjurer began the quest for the Orb.
     0 | D:1      | Reached XP level 1. HP: 14/14 MP: 3/3
   210 | D:1      | Reached XP level 2. HP: 17/22 MP: 0/5
   214 | D:1      | Learned a level 2 spell: Searing Ray
   706 | D:1      | Reached skill level 1 in Fighting
   912 | D:1      | Reached XP level 3. HP: 28/28 MP: 2/6
  1020 | D:1      | Reached skill level 1 in Throwing
  1839 | D:2      | Reached XP level 4. HP: 35/35 MP: 5/8
  1972 | D:2      | You fall into a shaft and drop 1 floor!
  2621 | D:3      | Reached skill level 5 in Conjurations
  2836 | D:3      | Reached XP level 5. HP: 26/40 MP: 2/9
  3272 | D:3      | Reached skill level 1 in Shields
  3445 | D:4      | Learned a level 4 spell: Iskenderun's Mystic Blast
  3448 | D:4      | Noticed a sky beast
  3471 | D:4      | Killed a sky beast
  3471 | D:4      | Reached skill level 1 in Translocations
  3471 | D:4      | Reached XP level 6. HP: 7/47 MP: 0/11
  4057 | D:4      | Found a runed translucent door.
  4058 | D:4      | Noticed Crazy Yiuf
  4421 | D:4      | Noticed a two-headed ogre
  4774 | D:4      | Found Ristreu's Distillery.
  4862 | D:4      | Mangled by a two-headed ogre

Illustrated notes

Levels and vault maps discovered:
D:1:      lordsloth_arrival_two_stooges, layout_basic, minmay_3d_cube
D:2:      layout_rooms, dk_noncrumbling_2
D:3:      layout_loops_ring, first_ration
D:4:      layout_basic, serial_shops, kennysheep_mini, roderic_lattice_a,
          uniq_crazy_yiuf_cottage

Skill      XL: |  1  2  3  4  5  6 |
---------------+-------------------+-----
Stealth        | 2 |  2.0
Dodging        | 2 |  2.0
Fighting       | 1 |  1.0
Throwing       | 1 |  1.0
Spellcasting   | 3 |  3.7
Conjurations   | 5 |  5.7
Shields        | 1 2 |  2.2
Translocations | 2 |  2.8

Action                   |  1- 3 |  4- 6 || total
-------------------------+-------+-------++-------
Melee: Unarmed           |    32 |    54 ||    86
       Tailslap          |     2 |     6 ||     8
 Cast: Magic Dart        |    68 |    46 ||   114
       Searing Ray       |     9 |    31 ||    40
  Use: Scroll            |       |    13 ||    13
  Eat: Chunk             |     4 |    11 ||    15
Armor: Skin              |    19 |    39 ||    58
Dodge: Dodged            |    40 |    40 ||    80
Block: Buckler           |       |     5 ||     5
